 Dungeon Crawl Stone Soup version 0.21-a0-504-g2eda330 (webtiles) character file.

52 slep the Slasher (level 3, -4/28 HPs)
             Began as a Demonspawn Gladiator on Nov 25, 2017.
             Slain by a worm (8 damage)
             ... on level 2 of the Dungeon.
             The game lasted 00:02:50 (704 turns).

slep the Slasher (Demonspawn Gladiator)              Turns: 704, Time: 00:02:51

Health: -4/28      AC:  4    Str: 14    XL:     3   Next: 60%
Magic:  3/3        EV: 13    Int:  9    God:
Gold:   95         SH:  0    Dex: 15    Spells: 2/2 levels left

rFire    . . .     SeeInvis .   a - +0 long sword
rCold    . . .     Gourm    .   (no shield)
rNeg     . . .     Faith    .   b - +0 leather armour
rPois    .         Spirit   .   c - +0 helmet
rElec    .         Reflect  .   (no cloak)
rCorr    .         Harm     .   (no gloves)
MR       .....                  (no boots)
Stlth    +.........             (no amulet)
HPRegen  0.09/turn              (no ring)
MPRegen  0.08/turn              (no ring)

@: no status effects
A: rot immunity
a: no special abilities


You were on level 2 of the Dungeon.
You were not hungry.

You visited 1 branch of the dungeon, and saw 2 of its levels.

You collected 95 gold pieces.

Inventory:

Hand Weapons
 a - a +0 long sword (weapon)
Missiles
 d - 3 throwing nets (quivered)
Armour
 b - a +0 leather armour (worn)
 c - a +0 helmet (worn)
Scrolls
 e - a scroll of amnesia {unknown}
 h - a scroll of identify {unknown}
 i - 3 scrolls of remove curse {unknown}
Potions
 j - 2 potions of curing {unknown}
 k - a potion of might {unknown}
Comestibles
 f - 2 bread rations
 g - a royal jelly


   Skills:
 + Level 2.4 Fighting
 + Level 3.2 Long Blades
 + Level 1.9 Throwing
 + Level 0.5 Armour
 + Level 3.2 Dodging
 + Level 0.3 Stealth


You had 2 spell levels left.
You didn't know any spells.

Dungeon Overview and Level Annotations

Branches:
Dungeon (2/15)

Altars:


Innate Abilities, Weirdness & Mutations

You are immune to rotting.


Message History

The worm bites you but does no damage.
You slash the worm!
The worm is severely wounded.
You barely miss the worm.
The worm is severely wounded.
The worm bites you.
* * * LOW HITPOINT WARNING * * *
You barely miss the worm.
The worm is severely wounded.
The worm bites you but does no damage.
You hit the worm.
The worm is severely wounded.
The worm bites you.
* * * LOW HITPOINT WARNING * * *
You barely miss the worm.
The worm is severely wounded.
Your leather armour prevents you from hitting the worm.
The worm is severely wounded.
The worm bites you!
You die...

##.(....##....#
##.........#...
#†.....#######
#########....###
#....?.......#
#.%.....[.#.##
#........##.#
#........##.#
#...w@...# .#
#........#
#<..[....#
#........#
#....!...#
##########


You could see a worm.

Vanquished Creatures
  2 adders (D:2)
  2 oozes (D:1)
  5 bats
  A giant cockroach (D:2)
  4 hobgoblins
  3 kobolds (D:1)
  2 frilled lizards (D:1)
  A goblin (D:1)
  7 rats
27 creatures vanquished.

Notes
Turn   | Place    | Note
-------+----------+-------------------------------------------
     0 | D:1      | slep the Demonspawn Gladiator began the quest for the Orb.
     0 | D:1      | Reached XP level 1. HP: 16/16 MP: 1/1
   150 | D:1      | Gained mutation: You are immune to rotting. [demonic ancestry]
   150 | D:1      | Reached XP level 2. HP: 14/22 MP: 2/2
   647 | D:2      | Reached XP level 3. HP: 16/27 MP: 3/3
   704 | D:2      | Slain by a worm

Vault maps used:
D:1:      matt_arrival_spirals, minmay_strange_pillars
D:2:      nicolae_qazlal_eye_of_the_storm, uniq_jessica

Skill      XL: |  1  2 |
---------------+-------+-----
Dodging        | 3 |  3.2
Long Blades    | 3 |  3.2
Fighting       | |  2.4
Throwing       | |  1.9
Armour         | |  0.5
Stealth        | |  0.3

Action                   || total
-------------------------++-------
Melee: Long sword        ||    79
Armor: Leather armour    ||    34
Dodge: Dodged            ||    58
       Rpst.: Long sword ||    23

Table legend:
 A = Spawn XP
 B = Non-spawn XP
 C = Spawn XP percentage of total XP
 D = Spawn monster count
 E = Non-spawn monster count
 F = Spawn count percentage of total count
 G = Total turns spent on level
                    A         B        C        D         E        F      G
               +---------+---------+-------+---------+---------+-------+---------
         Total |       0 |      75 |   0.0 |       0 |      27 |   0.0 |   704
               +---------+---------+-------+---------+---------+-------+---------
           D:1 |       0 |      38 |   0.0 |       0 |      18 |   0.0 |   633
           D:2 |       0 |      37 |   0.0 |       0 |       9 |   0.0 |    71
               +---------+---------+-------+---------+---------+-------+---------
